 Dungeon Sprint DCSS version 0.30-a0-883-g5ad918d77d (webtiles) character file.

Game seed: 8453140556193712146

49 sircluck the Shield-Bearer (level 3, -1/39 HPs)
             Began as a Gargoyle Fighter on Mar 16, 2023.
             Slain by a water elemental (9 damage)
             ... in the Dungeon (Sprint III: "The Ten Rune Challenge").
             The game lasted 00:00:23 (141 turns).

sircluck the Shield-Bearer (Gargoyle Fighter)        Turns: 141, Time: 00:00:23

Health: -1/39      AC: 10    Str: 21    XL:     3   Next: 77%
Magic:  3/3        EV:  9    Int:  8    God:
Gold:   5          SH:  4    Dex:  9    Spells: 2/2 levels left

rFire   . . .      SeeInvis .    a - +0 flail
rCold   . . .      Faith    .    c - +0 buckler
rNeg    + . .      Spirit   .    b - +0 scale mail
rPois   ∞          Reflect  .    (no helmet)
rElec   +          Rampage  .    (no cloak)
rCorr   .          NoTele   +    (no gloves)
Will    .....                    (no boots) Stlth
                                 (no amulet)
HPRegen 0.26/turn                (no ring)
MPRegen 0.08/turn                (no ring)

@: berserking, very quick
A: sickness immunity, AC +3, negative energy resistance 1, electricity
resistance, torment resistance 1, petrification resistance
a: no special abilities


You were in the Dungeon.
You visited 1 branch You collected 5 gold pieces.

Inventory:

Hand Weapons
 a - a +0 flail (weapon)
Armour
 b - a +0 scale mail (worn)
 c - a +0 buckler (worn)
Scrolls
 j - a scroll of blinking
 m - 2 scrolls of immolation {unknown}
 n - a scroll of magic mapping {unknown}
 o - 2 scrolls of identify
Potions
 d - a potion of might
 e - a potion of curing
 f - a potion of heal wounds
 g - a potion of haste
 h - 2 potions of magic
 k - 4 potions of flight {unknown}
 l - 3 potions of mutation {unknown}


   Skills:
 + Level 5.1 Fighting
 + Level 3.3 Maces & Flails
 + Level 5.2 Armour
 + Level 5.2 Shields


You had 2 spell levels left.
You didn't know any spells.
Your spell library contained the following spells:

 Spells                   Type           Power      Damage    Failure   Level
 Gell's Gravitas          Tloc           0%         N/A       99%         3
 Teleport Other           Tloc           0%         N/A       99%         3
 Dispersal                Tloc           0%         N/A       100%        6


Dungeon Overview and Level Annotations

Branches:
Dungeon (1/1)

Altars:


Innate Abilities, Weirdness & Mutations

You are immune to sickness and miasma.
Your stone body is resilient. (AC +3)
You are immune to poison.
You resist negative energy. (rN+)
You are resistant to electric shocks. (rElec)
You are resistant to unholy torment.
You are immune to petrification.


Message History

No target in view!
No target in view!
You enter the shallow water.
Moving in this stuff is going to be slow.
You open the door.
There is an open door here.
You now have 3 gold pieces.
You now have 5 gold pieces (gained 2).
l - a ruby potion;
m - a scroll labelled DUDAETHYDI
n - a scroll labelled YSCHAG WAKHLU;
k - 2 yellow potions (gained 1)
k - 3 yellow potions (gained 1)
l - 2 ruby potions (gained 1)
m - 2 scrolls labelled DUDAETHYDI (gained 1)
o - 2 scrolls of identify;
l - 3 ruby potions (gained 1)
k - 4 yellow potions (gained 1)
There is an open door here.
You enter the shallow water.
Moving in this stuff is going to be slow.
You open the door.
A water elemental comes into view.
The water elemental moves out of view.
A water elemental is nearby!
A water elemental is nearby!
You hit the water elemental but do no damage.
The water elemental hits you!
Ouch! That really hurt!
The water elemental misses you.
A red film seems to cover your vision as you go berserk!
You feel yourself moving faster!
You feel mighty! You block the water elemental's attack.
You hit the water elemental.
The water elemental is lightly damaged.
You sock the water elemental!
The water elemental is heavily damaged.
The water elemental hits you!
* * * LOW HITPOINT WARNING * * *
You closely miss the water elemental.
The water elemental is heavily damaged.
The water elemental hits you!
You die...

▓▓▓▓▓▓▓▓▓▓▓▓ ▓▓▓
<.#..'.....♣ ♣.#
..#..#.....♣ ♣.#
#'####....♣♣ ♣♣.#
..†..#....~♣♣♣♣..# #+#+#
.....#...~~..♣.♣.#......
.....#..~~~~♣.♣.@E.⌠....
####'#..~≈≈~~~...#...###
..)..#.~~≈~~~....#.⌠.#
.....#.~≈~~~.....# ..#
.....#.~~~†......# ###
'#####...........#
.................#
▓▓▓▓▓▓▓▓▓▓▓▓▓▓▓▓▓▓


You could see a water elemental.

Vanquished Creatures
  Jessica (D)
  A human (D)
  A phantom (D)
  2 rats (D)
5 creatures vanquished.

Notes
Turn   | Place    | Note
-------+----------+-------------------------------------------
     0 | D        | sircluck the Gargoyle Fighter began the quest for the Orb.
     0 | D        | Reached XP level 1. HP: 14/14 MP: 1/1
    16 | D        | Noticed Jessica
    19 | D        | Killed Jessica
    20 | D        | Reached XP level 2. HP: 20/20 MP: 2/2
    20 | D        | Reached XP level 3. HP: 24/24 MP: 3/3
    51 | D        | Reached skill level 5 in Fighting
    51 | D        | Reached skill level 5 in Armour
    51 | D        | Reached skill level 5 in Shields
   135 | D        | Noticed a water elemental
   141 | D        | Slain by a water elemental

Illustrated notes

Levels and vault maps discovered:
D:        dungeon_sprint_mu [sprint_mu_entry_forest, sprint_mu_temple_rooms,
          sprint_mu_d1_horrors, sprint_mu_d2_genie, sprint_mu_d3_branching,
          sprint_mu_orc_legion, sprint_mu_elf_gauntlet, sprint_mu_hive_nellie,
          sprint_mu_lair_fedhas, sprint_mu_vaults_butterflies,
          sprint_mu_slime_circle, sprint_mu_shoals_kraken,
          sprint_mu_snake_twists, sprint_mu_blade_basic,
          sprint_mu_crypt_chambers, sprint_mu_tomb_spiral,
          sprint_mu_vestibule_basic, sprint_mu_gehenna_hellfire,
          sprint_mu_dis_giant, sprint_mu_tartarus_statrot,
          sprint_mu_cocytus_islands, sprint_mu_zot1]

Skill      XL: |  1  2  3 |
---------------+----------+-----
Fighting       | 4 5 |  5.1
Armour         | 4 5 |  5.2
Shields        | 4 5 |  5.2
Maces & Flails | 3 |  3.3

Action                     || total
---------------------------++-------
  Melee: Flail             ||    34
    Use: Potion            ||     1
 Armour: Scale mail        ||     8
  Dodge: Dodged            ||    18
  Block: Buckler           ||     7

Table legend: (Time is in decaauts)
 A = Elapsed time spent in this place.
 B = Non-inter-level travel time spent in this place.
 C = Inter-level travel time spent in this place.
 D = Time resting spent in this place.
 E = Time spent auto-exploring this place.
 F = Levels seen in this place.
 G = Mean time per level.
                   A        B        C        D        E       F      G
               +--------+--------+--------+--------+--------+-----+--------+
         Total |    153 |    153 |      0 |      0 |     90 |   1 |  153.0 |
       Dungeon |    153 |    153 |      0 |      0 |     90 |   1 |  153.0 |
               +--------+--------+--------+--------+--------+-----+--------+

Top non-repeatable levels by time:
       D: 153 daAuts
